 Dungeon Crawl Stone Soup version 0.14-a0-519-g334afa2 (webtiles) character file.

134 LostMyPassword the Grave Robber (level 3, 13/14 HPs)
             Began as a Felid Necromancer on Nov 1, 2013.
             Quit the game on Level 1 of the Dungeon.
             The game lasted 00:04:20 (2515 turns).

LostMyPassword the Grave Robber (Felid Necromancer) Turns: 2515, Time: 00:04:21

HP  13/14        AC  1     Str  4      XL: 3   Next: 26%
MP   7/7         EV 19     Int 17      God:
Gold 95          SH  0     Dex 16      Spells:  2 memorised,  2 levels left
Lives: 0, deaths: 0

Res.Fire  : . . .   See Invis. : +   (weapon unavailable)
Res.Cold  : . . .   Warding    : .   (armour unavailable)
Life Prot.: . . .   Conserve   : .   (shield unavailable)
Res.Poison: .       Res.Corr.  : .   (helmet unavailable)
Res.Elec. : .       Clarity    : .   (cloak unavailable)
Sust.Abil.: . .     Spirit.Shd : .   (gloves unavailable)
Res.Mut.  : .       Stasis     : .   (boots unavailable)
Res.Rott. : .       Flight     : .   (no amulet)
Saprovore : . . .                    (no ring)
                                     i - +1 ring of evasion

@: quick, slightly resistant to hostile enchantments, stealthy
A: paw claws, no armour, no advanced items, fangs 3, see invisible, carnivore 3,
speed 1, slow metabolism 1, jump 1, AC +1
a: Jump Attack


You were on level 1 of the Dungeon.
You were not hungry.

You visited 1 branch of the dungeon, and saw 1 of its levels.

You collected 95 gold pieces.

Inventory:

Comestibles
 c - a meat ration
 j - a rotting chunk of adder flesh
 m - a rotting chunk of goblin flesh
 p - a chunk of rat flesh
Scrolls
 a - 2 scrolls of curse jewellery {unknown}
 d - 3 scrolls of remove curse {unknown}
 e - 3 scrolls of identify {unknown}
 g - a scroll of fear {unknown}
 h - a scroll of magic mapping {unknown}
 k - a scroll of enchant armour {unknown}
 n - a scroll of fog {unknown}
 o - a scroll of enchant weapon I {unknown}
Jewellery
 i - a +1 ring of evasion (left paw)
Potions
 f - 2 potions of curing {unknown}
 l - 3 potions of brilliance {unknown}
Books
 b - a book of Necromancy

   Spells                             Type                      Level
   *Pain                              Necromancy                   1
   *Animate Skeleton                  Necromancy                   1
   Lethal Infusion                    Charms/Necromancy            2
   Vampiric Draining                  Necromancy                   3
   Regeneration                       Charms/Necromancy            3
   Animate Dead                       Necromancy                   4
   Control Undead                     Necromancy                   4


   Skills:
 - Level 2.6 Dodging
 - Level 2.6 Stealth
 - Level 1.0 Spellcasting
 * Level 5.1 Necromancy


You had 2 spell levels left.
You knew the following spells:

 Your Spells              Type           Power        Failure   Level  Hunger
a - Pain                  Necr           ###.         2%          1    ##.....
b - Animate Skeleton      Necr           N/A          2%          1    ##.....


Dungeon Overview and Level Annotations

Branches:
Dungeon (1/27)

Altars:


Innate Abilities, Weirdness & Mutations

You cannot wear armour.
You are incapable of any advanced item manipulation.
Your paws have sharp claws.
You have razor-sharp teeth.
You have supernaturally acute eyesight.
You are carnivorous and can eat meat at any time.
You cover ground quickly.
You are covered in fur (AC +1).
You have a slow metabolism.
You can jump attack at a short distance.


Message History

o - a scroll labeled SHROUS OTHODDIH You smell something rotten. (slots j and m) HP restored.
You see here 9 stones.
You see here a sling.
A rat comes into view.
Casting: Pain
Confirm with . or Enter, or press ? or * to list all spells.
Aiming: Pain
Press: ? - help, Shift-Dir - straight line, f - rat
Aim: a rat (hasn't noticed you)
The rat convulses in agony!
You kill the rat!
You see here a rat corpse.
You start butchering the rat corpse with your claws.
You continue butchering the corpse.
You finish ripping the rat corpse into pieces.
p - a chunk of rat flesh Autopickup is now off.
Are you sure you want to abandon this character and quit the game? (Confirm with "yes".)

###### #.....
########### #.####
#...@.....# #.#
#.#######.# #.#
####.#### #.#
##.##
######.......# #.#
##...###
####...%..#####.#
#.# #..#....
#.....K.).#
#.####.####....###
#.##.####.#
#.....#.........##
#.##.####.#
#.####.##.###.....
#.##......#####.#
####.# ###.##


There were no monsters in sight!

Vanquished Creatures
  An adder (D:1)
  2 giant geckos (D:1)
  A ball python (D:1)
  5 bats (D:1)
  2 hobgoblins (D:1)
  3 giant cockroaches (D:1)
  A giant newt (D:1)
  4 goblins (D:1)
  4 kobolds (D:1)
  6 rats (D:1)
29 creatures vanquished.

Notes
Turn   | Place    | Note
--------------------------------------------------------------
     0 | D:1      | LostMyPassword, the Felid Necromancer, began the quest for the Orb.
     0 | D:1      | Reached XP level 1. HP: 7/7 MP: 4/4
     2 | D:1      | Learned a level 1 spell: Animate Skeleton
   764 | D:1      | Reached XP level 2. HP: 7/11 MP: 1/5
  2192 | D:1      | Reached skill level 5 in Necromancy
  2192 | D:1      | Reached XP level 3. HP: 11/14 MP: 2/7
  2515 | D:1      | Quit the game

Action                   || total
-------------------------++-------
Melee: Unarmed           ||     1
 Cast: Pain              ||    49
